 Dungeon Crawl Stone Soup version 0.13.0-13-g27bfa31 (webtiles) character file.

95 Bloax the Ruffian (level 3, 0/22 HPs)
             Began as a Gargoyle Monk on Oct 19, 2013.
             Slain by a centaur zombie (7 damage)
             ... on Level 3 of the Dungeon.
             The game lasted 00:05:26 (836 turns).

Bloax the Ruffian (Gargoyle Monk)                    Turns: 836, Time: 00:05:27

HP   0/22        AC  5     Str 14      XL: 3   Next: 83%
MP  11/11        EV 12     Int 10      God:
Gold 44          SH  0     Dex 13      Spells:  0 memorised,  2 levels left

Res.Fire  : . . .   See Invis. : .     - Unarmed
Res.Cold  : . . .   Warding    : .   a - +0 robe
Life Prot.: + . .   Conserve   : .   (no shield)
Res.Poison: +       Res.Corr.  : .   (no helmet)
Res.Elec. : +       Clarity    : .   (no cloak)
Sust.Abil.: . .     Spirit.Shd : .   (no gloves)
Res.Mut.  : .       Stasis     : .   (no boots)
Res.Rott. : +       Flight     : .   (no amulet)
Saprovore : . . .                    (no ring)
                                     i - ring of magical power

@: not resistant to hostile enchantments, fairly stealthy
A: fangs 1, talons 2, life protection 1, electricity resistance, slow metabolism
1, unbreathing, petrification resistance, AC +3
a: no special abilities


You were on level 3 of the Dungeon.
You were not hungry.

You visited 1 branch of the dungeon, and saw 3 of its levels.

You collected 44 gold pieces.


Innate Abilities, Weirdness & Mutations

You are resistant to torment.
You are immune to poison.
Your stone body is very resilient (AC +3).
You have very sharp teeth.
You have razor-sharp toenails.
You resist negative energy.
You are resistant to electric shocks.
You have a slow metabolism.
You can survive without breathing.
You are immune to petrification.


   Skills:
 + Level 4.4 Fighting
 - Level 2.4 Dodging
 - Level 2.1 Stealth
 + Level 5.0 Unarmed Combat


You had 2 spell levels left.
You didn't know any spells.

Dungeon Overview and Level Annotations

Branches:
Dungeon (3/27)

Altars:
Kikubaaqudgha
Makhleb
Okawaru
Vehumet
Xom
the Shining One

Annotations:
D:2 Terence

Inventory:

Armour
 a - a +0 robe (worn)
Comestibles
 b - a bread ration
 c - an apple
Scrolls
 d - 3 scrolls of identify
Jewellery
 i - a ring of magical power (left hand)
   (You found it on level 2 of the Dungeon)
Potions
 f - a potion of curing {unknown}

. .... #.. .... ....
###<. #.... ... #....
.... #.# #####....
#...####.# ##...#....
#...#....###....##...
...#.....##.....)...
..#####.#.....##...###...
.......%@................
.>##...Z##...#####.###...
#.... ##...# ........
#.... #...# ...#####
...... ........... ######
#############


You could see a centaur zombie.


Message History

As you read the scroll labeled AGHUKK SHAXEAM, it crumbles to dust.
You hear a loud clanging noise!
It was a scroll of noise.
You see here a giant newt corpse.
There is an open door here.
A goblin comes into view. It is wielding a club.
The goblin throws a club.
The club misses you.
The goblin throws a dart.
The dart hits you!
You see here a dart.
The goblin throws a dart.
The dart misses you.
You see here a dart.
The goblin barely misses you.
You completely miss the goblin. You claw the goblin.
The goblin is almost dead.
The goblin hits you with a club.
You hit the goblin.
You kill the goblin!
Things that are here:
a club; a dart; a goblin corpse Magic restored.
You are a level 3 Gargoyle Monk.
You are 72% of the way to level 4.
Play time: 00:05:10 (789 turns)
There is a stone staircase leading up here.
There is a stone staircase leading down here.
You climb downwards.
A hobgoblin comes into view. It is wielding a club.
Found an apple.
There is a stone staircase leading up here.
You see here an apple.
c - an apple A goblin comes into view. It is wielding a club.
The goblin shouts!
The goblin moves out of view.
A quokka comes into view.
The hobgoblin shouts!
The hobgoblin barely misses you.
You hit the hobgoblin.
The hobgoblin is almost dead.
The hobgoblin closely misses you.
You hit the hobgoblin.
You kill the hobgoblin!
You barely miss the quokka. You hit the quokka.
You claw the quokka, but do no damage.
The quokka is almost dead.
The quokka misses you.
You hit the quokka.
You kill the quokka!
You hit the goblin.
You kill the goblin!
Things that are here:
a club; a quokka corpse; a club; a hobgoblin corpse
Found a bread ration.
A centaur zombie comes into view.
The centaur zombie closely misses you.
Found a stone staircase leading down.
You hit the centaur zombie. The centaur zombie hits you.
You hit the centaur zombie.
The centaur zombie hits you but does no damage.
You hit the centaur zombie. The centaur zombie hits you.
The centaur zombie hits you.
* * * LOW HITPOINT WARNING * * *
You hit the centaur zombie but do no damage.
You claw the centaur zombie. The centaur zombie barely misses you.
You hit the centaur zombie. The centaur zombie barely misses you.
You hit the centaur zombie. You claw the centaur zombie.
You bite the centaur zombie. The centaur zombie hits you.
* * * LOW HITPOINT WARNING * * *
You hit the centaur zombie. The centaur zombie barely misses you.
You completely miss the centaur zombie. The centaur zombie hits you!
You die...

Action                   || total
-------------------------++-------
Melee: Unarmed           ||   105
  Use: Scroll            ||     5
 Stab: Sleeping          ||     2

Vault maps used:
D:1:      zaba_entry_water, serial_forest, infiniplex_forest_lined_corner,
          infiniplex_forest_end_double, infiniplex_forest_end_3,
          infiniplex_forest_lined_3_way, infiniplex_forest_lined_room_2,
          grunt_decor_cap, minmay_misc_feat_five, ashenzari_altar_1
D:2:      infiniplex_staircase_pillars_3b, gammafunk_temple_overflow_wave,
          tso_oasis_becter, grunt_temple_overflow_diamond,
          minmay_misc_feat_hallway, uniq_jessica, uniq_terence
D:3:      first_bread, uniq_grinder

Notes
Turn   | Place    | Note
--------------------------------------------------------------
     0 | D:1      | Bloax, the Gargoyle Monk, began the quest for the Orb.
     0 | D:1      | Reached XP level 1. HP: 12/12 MP: 0/0
    27 | D:2      | Noticed Jessica
    57 | D:2      | Killed Jessica
    57 | D:2      | Reached XP level 2. HP: 15/17 MP: 1/1
    70 | D:2      | Found a glowing golden altar of the Shining One.
   147 | D:2      | Reached skill level 4 in Fighting
   147 | D:2      | Reached XP level 3. HP: 18/22 MP: 2/2
   206 | D:2      | Noticed Terence
   289 | D:2      | Found a shimmering altar of Xom.
   292 | D:2      | Found an iron altar of Okawaru.
   299 | D:2      | Found an ancient bone altar of Kikubaaqudgha.
   396 | D:2      | Reached skill level 5 in Unarmed Combat
   482 | D:2      | Found a radiant altar of Vehumet.
   482 | D:2      | Found a burning altar of Makhleb.
   836 | D:3      | Slain by a centaur zombie

Vanquished Creatures
  Jessica (D:2)
  An ooze (D:2)
  A ball python (D:2)
  A bat (D:2)
  3 giant cockroaches (D:2)
  6 goblins
  2 hobgoblins
  4 jackals (D:2)
  2 kobolds (D:2)
  2 quokkas
  5 giant newts (D:2)
  2 rats (D:2)
30 creatures vanquished.
